 Dungeon Crawl Stone Soup version 0.29.1-2-gbd0b4ee654 (webtiles) character file.

Game seed: 16397419150209293307

2375 nshep25 the Cleaver (level 9, -3/78 HPs)
             Began as a Minotaur Fighter on Nov 8, 2022.
             Was an Initiate of Gozag.
             Killed by divine providence
             ... invoked by an orc priest
              (15 damage)
             ... on level 7 of the Dungeon.
             The game lasted 00:10:49 (6000 turns).

nshep25 the Cleaver (Minotaur Fighter)              Turns: 6000, Time: 00:10:50

Health: -3/78      AC: 14    Str: 24    XL:     9   Next: 21%
Magic:  8/8        EV:  7    Int:  5    God:    Gozag
Gold:   397        SH:  5    Dex: 11    Spells: 8/8 levels left

rFire   . . .      SeeInvis .   a - +1 war axe
rCold   . . .      Faith    .   c - +0 buckler
rNeg    + . .      Spirit   .   u - +1 plate armour
rPois   .          Reflect  .   (helmet restricted)
rElec   .          Harm     .   (no cloak)
rCorr   .          Rampage  .   (no gloves)
Will    .....                   (no boots)
Stlth   ..........              (no amulet)
HPRegen 0.23/turn               p - ring of positive energy
MPRegen 0.11/turn               e - ring of flight

@: flying
A: horns 2, retaliatory headbutt
a: Renounce Religion, Potion Petition, Call Merchant, Bribe Branch


You were on level 7 of the Dungeon.
You worshipped Gozag.
Gozag was aware of your devotion.
You visited 2 branches of the dungeon, and saw 8 of its levels.

You collected 471 gold pieces.
You paid 74 gold pieces to Gozag.

Inventory:

Hand Weapons
 a - a +1 war axe (weapon)
Missiles
 f - a boomerang (quivered)
Armour
 b - a +0 scale mail
 c - a +0 buckler (worn)
 u - a +1 plate armour (worn)
Jewellery
 e - a ring of flight (right hand)
 i - a ring of wizardry
 p - a ring of positive energy (left hand)
Wands
 x - a wand of mindburst (9)
Potions
 d - 2 potions of might
 j - 2 potions of brilliance
 m - a potion of mutation {unknown}
 q - 2 potions of magic
 t - a potion of berserk rage


   Skills:
 + Level 6.7 Fighting
 + Level 10.0 Axes
 + Level 8.5 Armour
 + Level 2.4 Dodging
 + Level 1.4 Stealth
 + Level 5.7 Shields


You had 8 spell levels left.
You didn't know any spells.
Your spell library contained the following spells:

 Spells                   Type           Power      Damage    Failure   Level
 Magic Dart               Conj           0%         1d3       100%        1
 Sting                    Tmut/Pois      0%         1d3       100%        1
 Call Imp                 Summ           0%         N/A       100%        2
 Poisonous Vapours        Pois/Air       0%         N/A       100%        2
 Mephitic Cloud           Conj/Pois/Air  0%         N/A       100%        3
 Fulminant Prism          Conj/Hex       0%         3d6       100%        4
 Iskenderun's Mystic Bla  Conj/Tloc      0%         2d3       100%        4
 Leda's Liquefaction      Hex/Erth       0%         N/A       100%        4
 Olgreb's Toxic Radiance  Pois           0%         N/A       100%        4
 Lee's Rapid Deconstruct  Erth           0%         3d5*      100%        5
 Statue Form              Tmut/Erth      0%         N/A       100%        6


Dungeon Overview and Level Annotations

Branches:
Dungeon (7/15)             Temple (1/1) D:5

Altars:
Ashenzari
Dithmenos
Elyvilon
Fedhas
Gozag
Hepliaklqana
Kikubaaqudgha
Okawaru
Qazlal
Ru
Sif Muna
Trog
Vehumet
Wu Jian
Xom
Zin

Shops:
D:5 (


Innate Abilities, Weirdness & Mutations

You have a pair of horns on your head.
You reflexively headbutt those who attack you in melee.


Message History

You hit the acid dragon but do no damage.
You headbutt the acid dragon.
The acid dragon is almost dead.
The howler monkey hoots and howls with incredible vigour!
The acid dragon barely misses you. You furiously retaliate!
You headbutt the acid dragon, but do no damage.
The acid dragon claws you but does no damage.
You hit the acid dragon.
The acid dragon is almost dead.
The acid dragon bites you.
* * * LOW HITPOINT WARNING * * *
The acid dragon claws you but does no damage.
You slash the acid dragon!
You kill the acid dragon!
The howler monkey is distracted by your dazzling golden aura.
Your Axes skill increases to level 10!
The howler monkey howls!
The howler monkey hoots and howls with incredible vigour!
The howler monkey hoots and howls with incredible vigour!
The howler monkey hoots and howls with incredible vigour!
There is a stone staircase leading down here.
You fly downwards.
The orc shouts!
The orc priest shouts!
The orc wizard shouts!
There is a stone staircase leading up here.
Okay, then.
Okay, then.
As you read the scroll of fear, it crumbles to dust.
You assume a fearsome visage.
The orc looks frightened! x2
The orc priest looks frightened!
The orc wizard looks frightened!
The orc wizard gestures wildly while chanting.
The orc wizard flickers and vanishes!
Deactivating autopickup; reactivate with Ctrl-A.
You catch the helpless orc priest completely off-guard!
You hit the orc priest.
Your attack snaps the orc priest out of its fear.
The orc priest is moderately wounded.
The orc priest invokes the aid of Beogh against you.
Beogh smites you!
You die...
Your body crumbles into a pile of gold.

# ## #.
.# ##. .#
... .#
#.###o#
#...@.#
###.###
#.# #.#
#.####...
#<..oo...
######{..


You could see an orc priest.

Vanquished Creatures
  A two-headed ogre (D:6)
  A shadow (D:6)
  A steam dragon (D:6)
  Menkaure (D:4)
  An acid dragon (D:6)
  2 sky beasts (D:6)
  2 ice beasts (D:5)
  An ogre (D:5)
  A centaur (D:6)
  A bullfrog (D:6)
  A necrophage (D:6)
  3 scorpions (D:4)
  A howler monkey (D:5)
  2 hounds
  2 jellies (D:5)
  A gnoll bouda (D:6)
  2 orc wizards (D:6)
  3 iguanas
  4 gnolls
  An adder (D:2)
  An ufetubus (D:5)
  10 orcs
  6 ball pythons
  11 endoplasms
  8 giant cockroaches
  6 hobgoblins
  3 jackals (D:3)
  2 quokkas
  A bat (D:3)
  2 frilled lizards (D:1)
  4 goblins
  8 kobolds
  2 rats
96 creatures vanquished.

Notes
Turn   | Place    | Note
-------+----------+-------------------------------------------
     0 | D:1      | nshep25 the Minotaur Fighter began the quest for the Orb.
     0 | D:1      | Reached XP level 1. HP: 19/19 MP: 0/0
   297 | D:1      | Reached XP level 2. HP: 27/27 MP: 1/1
  1408 | D:2      | Reached skill level 3 in Axes
  1408 | D:2      | Reached XP level 3. HP: 26/33 MP: 2/2
  1863 | D:2      | Found a faded altar of an unknown god.
  2867 | D:4      | Noticed a scorpion
  2874 | D:4      | Killed a scorpion
  2875 | D:4      | Reached skill level 4 in Axes
  2875 | D:4      | Reached skill level 1 in Dodging
  2875 | D:4      | Reached XP level 4. HP: 37/40 MP: 3/3
  2916 | D:4      | Reached XP level 5. HP: 34/46 MP: 4/4
  3166 | D:4      | Reached skill level 5 in Axes
  3432 | D:4      | Reached skill level 5 in Armour
  3649 | D:4      | Reached XP level 6. HP: 7/53 MP: 5/5
  3653 | D:4      | HP: 2/53 [poisoned by a scorpion]
  4027 | D:4      | Noticed Menkaure
  4035 | D:4      | Killed Menkaure
  4354 | D:5      | Entered Level 5 of the Dungeon
  4354 | D:5      | Noticed an ice beast
  4365 | D:5      | Killed an ice beast
  4366 | D:5      | Reached skill level 6 in Axes
  4366 | D:5      | Reached XP level 7. HP: 29/60 MP: 6/6
  4708 | D:5      | Reached skill level 5 in Fighting
  4717 | D:5      | Found a staircase to the Ecumenical Temple.
  4726 | Temple   | Entered the Ecumenical Temple
  4791 | Temple   | Became a worshipper of Gozag Ym Sagoz the Greedy
  4811 | D:5      | Reached skill level 7 in Axes
  4811 | D:5      | Reached skill level 1 in Stealth
  4998 | D:5      | Found Rocluothro's Antique Weapon Emporium.
  5189 | D:6      | Noticed a steam dragon
  5198 | D:6      | Killed a steam dragon
  5266 | D:6      | Reached XP level 8. HP: 65/69 MP: 7/7
  5285 | D:6      | Reached skill level 8 in Axes
  5297 | D:6      | Reached skill level 5 in Shields
  5935 | D:6      | Noticed a two-headed ogre
  5941 | D:6      | Killed a two-headed ogre
  5942 | D:6      | Reached skill level 9 in Axes
  5942 | D:6      | Reached XP level 9. HP: 25/78 MP: 8/8
  5971 | D:6      | Reached skill level 10 in Axes
  6000 | D:7      | Killed from afar by an orc priest

Illustrated notes

Levels and vault maps discovered:
D:1:      lemuel_arrival_cross, layout_loops_corners
D:2:      layout_basic, ebering_ecumenical_altar_rust
D:3:      layout_basic
D:4:      layout_rooms, uniq_menkaure
D:5:      layout_rooms, minmay_temple_entry_water_ring, minmay_shop_grid_forest
D:6:      minmay_cornered_nines, layout_layer_cave, grunt_temple_overflow_open,
          minivault_1
D:7:      layout_loops_ring, st_stairs_8, minmay_puff
Temple:   nicolae_temple_x_marks_the_god

Skill      XL: |  1  2  3  4  5  6  7  8  9 |
---------------+----------------------------+-----
Armour         | 4 5 7 8 |  8.5
Fighting       | 4 5 6 |  6.7
Axes           | 3 4 5 6 7 9 10 | 10.0
Shields        | 4 5 |  5.7
Dodging        | 1 2 |  2.4
Stealth        | 1 |  1.4

Action                   |  1- 3 |  4- 6 |  7- 9 || total
-------------------------+-------+-------+-------++-------
Melee: War axe           |    90 |    50 |   110 ||   250
       Headbutt          |     8 |     9 |    16 ||    33
  Use: Scroll            |       |       |    15 ||    15
       Potion            |       |       |     1 ||     1
 Stab: Fleeing           |       |       |     1 ||     1
Armor: Scale mail        |    32 |     6 |       ||    38
       Plate armour      |       |       |   120 ||   120
Dodge: Dodged            |    39 |    17 |    43 ||    99
Block: Buckler           |    16 |    11 |    36 ||    63
